Map: 배틀 온 더 보드워크 - 래더

Players

lllllllllll (sOs) - Winner!

  • Race: Protoss Protoss
  • League: Grandmaster
  • Spawn Location: 1:00

Bunny

  • Race: Terran Terran
  • Spawn Location: 11:00

VOD

Have the link to the VOD?

Description

Time

  • Played on: Dec. 23, 2017, 3:24 a.m.
  • Length: 6:06
Show
View Real Time Build Order
Export as new Build Order

lllllllllll Protoss - Winner!

Build Orders: 1 Gate Expand 

Get SALT Encoding   

  12  0:00  Probe  
  13  0:12  Probe  
  14  0:17  Pylon  
  14  0:24  Probe (Chrono Boost)  
  15  0:37  Probe (Chrono Boost)  
  15  0:38  Gateway  
  16  0:46  Probe (Chrono Boost)  
  16  0:47  Assimilator  
  17  0:51  Probe  
  18  1:03  Probe  
  19  1:15  Probe  
  20  1:29  Nexus  
  20  1:35  Cybernetics Core  
  20  1:38  Probe  
  21  1:44  Assimilator  
  21  1:53  Pylon  
  22  1:54  Probe  
  22  2:06  Probe  
  23  2:09  Stalker (Chrono Boost)  
  23  2:12  Warp Gate  
  25  2:18  Probe  
  26  2:30  Probe, Robotics Facility  
  27  2:37  Stalker  
  27  2:42  Probe (Chrono Boost)  
  31  2:48  Probe (Chrono Boost)  
  32  2:51  Probe (Chrono Boost)  
  32  2:55  Probe (Chrono Boost)  
  32  2:58  Probe  
  34  3:10  Probe  
  34  3:11  Probe  
  36  3:20  Warp Prism (Chrono Boost), Gateway x2  
  38  3:28  Sentry  
  38  3:29  Probe x2  
  38  3:31  Pylon  
  42  3:39  Gateway  
  42  3:41  Probe  
  42  3:42  Probe  
  44  3:50  Observer (Chrono Boost)  
  44  3:51  Shield Battery  
  44  3:52  Shield Battery  
  45  3:56  Probe x2  
  45  3:59  Pylon  
  47  4:15  Stalker x3  
  53  4:19  Pylon  
  53  4:23  Immortal (Chrono Boost)  
  57  4:33  Pylon  
  57  4:34  Probe  
  49  4:46  Stalker x3  
  49  4:47  Zealot  
  57  5:01  Probe x2  
  55  5:07  Stalker x3  
  55  5:13  Stalker  
  57  5:27  Stalker  
  57  5:28  Stalker  
  55  5:30  Probe x2  
  48  5:42  Probe x2  
  45  5:55  Stalker  
  45  5:56  Stalker, Zealot  
Show
View Real Time Build Order
Export as new Build Order

Bunny Terran 

Build Orders: Gas First Reaper Expand, Hellion Opening, Reaper Expand 

Get SALT Encoding   

  12  0:00  SCV  
  13  0:13  SCV  
  14  0:17  Supply Depot  
  14  0:25  SCV  
  15  0:29  Refinery  
  15  0:38  SCV  
  16  0:44  Barracks  
  16  0:50  SCV  
  17  1:02  SCV  
  18  1:14  SCV  
  19  1:30  Orbital Command  
  19  1:31  Reaper  
  20  1:48  Command Center  
  20  1:55  SCV  
  20  2:00  Factory  
  21  2:06  Barracks Reactor  
  21  2:07  SCV  
  22  2:13  Supply Depot  
  22  2:20  SCV  
  23  2:35  SCV  
  24  2:44  Starport  
  24  2:47  SCV  
  24  2:50  Hellion x2  
  24  2:51  Marine  
  30  2:59  SCV  
  30  3:00  Orbital Command  
  31  3:08  Marine  
  31  3:11  Hellion, SCV  
  31  3:12  Hellion  
  37  3:20  Medivac  
  37  3:24  Supply Depot  
  37  3:26  Marine  
  40  3:28  SCV x2  
  40  3:32  Hellion  
  43  3:36  Hellion  
  45  3:42  Supply Depot  
  45  3:44  Refinery, SCV  
  45  3:46  SCV  
  47  3:48  Barracks Tech Lab  
  47  3:54  Widow Mine  
  49  3:58  Widow Mine  
  49  4:00  SCV x2  
  53  4:07  Marine  
  54  4:10  Barracks  
  54  4:11  Barracks  
  54  4:12  SCV  
  54  4:13  SCV  
  56  4:20  Liberator  
  54  4:25  Marine, SCV x2  
  61  4:48  SCV  
  61  4:52  SCV  
  62  4:53  Bunker  
  62  4:54  Supply Depot  
  62  4:55  Cyclone  
  62  4:59  Marine x2  
  65  5:05  Marauder  
  54  5:16  Marine  
  54  5:17  Marine  
  42  5:28  Marauder  
  42  5:34  Marine x2  
  36  5:44  SCV  
Tags
 
Add a new tag
Caveats
  • Supply blocks, unpowered buildings, or Contaminate may cause inaccurate times.
  • Supply counts are checked every 10 seconds.